FIQ, neutral male scurrid Tourist ---------------- --------------------------------------------------------- |............... ....................................%.......%..........| |................. `................................`......(..............| |.........................................................................| |......%....................<.............................................| |..........(..............................................................| |..........[.......................................*.............(........| |....................................................)....................| |....................................................................?....| |..................................B......................................| |............>....................rZ.....................................)| |.................................iM.........%............................| |..................%......................................[...............| |....................................[....................!...............| |...........?.............................................................| |.............?.................................................?.........| |.........................................................................| --------------------------------------------------------------------------- FIQ the Rambler Experience level: 1 Strength: 12 Dexterity: 11 Constitution: 14 Intelligence: 13 Wisdom: 8 Charisma: 17 Health: 0(9) Energy: 2(2) Def: 0 Gold: 461 Moves: 34 Dungeon seed: GwBqa0WjOfo8ooCv Game ID: FIQ_1498603417 Your Inventory: Coins $ - 461 gold pieces Weapons a - 45 uncursed +2 darts (in quiver) Armor e - an uncursed +0 Hawaiian shirt (being worn) Comestibles b - 2 uncursed carrots c - an uncursed cram ration d - 2 uncursed eggs f - an uncursed food ration g - an uncursed clove of garlic h - an uncursed sprig of wolfsbane i - an uncursed pancake j - an uncursed pear k - an uncursed tripe ration Scrolls m - 4 uncursed scrolls of magic mapping Potions l - 2 uncursed potions of extra healing Wands p - an uncursed wand of secret door detection (0:11) Tools n - an uncursed expensive camera (0:74) o - an uncursed credit card q - an uncursed oil lamp (0:1483) Spells and supernatural/magical abilities: Name Level Category Fail Memory W - pray for help -- divine ? -- Your skills at the end: Miscellaneous Skills wands [Basic] Weapon Skills dart [Basic] Spellcasting Skills Final Attributes: You were devoutly aligned. You had infravision. You were very stealthy. You are dead. Voluntary challenges: You went without food. You did not adorn yourself with jewelry or accessories. You did not cause conflict. You were not invisible. You did not have reflection. You were not displaced. You were an atheist. You never hit with a wielded weapon. You were a pacifist. You did not use tools. You did not use plumbed fixtures. You did not drink any magical draughts. You were illiterate. You never genocided any monsters. You never polymorphed an object. You never changed form. You used no wishes. You never split a pudding. You never wrote Elbereth's name. You never violated your personal moral code. Dungeon overview: The Dungeons of Doom: levels 1 to 14 Level 1 a long staircase Level 2 a fountain Level 3 Level 4 Level 5 Level 6 Level 7 Level 8 Level 9 Level 10 Level 11 Level 12 Level 13 Level 14 <- You were here History has recorded: On T:1 you entered the Dungeons of Doom to retrieve the Amulet of Yendor! On T:4 you reached level 2 of The Dungeons of Doom. On T:6 you reached level 3 of The Dungeons of Doom. On T:8 you reached level 4 of The Dungeons of Doom. On T:10 you reached level 5 of The Dungeons of Doom. On T:13 you reached level 6 of The Dungeons of Doom. On T:15 you reached level 7 of The Dungeons of Doom. On T:17 you reached level 8 of The Dungeons of Doom. On T:19 you reached level 9 of The Dungeons of Doom. On T:22 you reached level 10 of The Dungeons of Doom. On T:25 you reached level 11 of The Dungeons of Doom. On T:28 you reached level 12 of The Dungeons of Doom. On T:30 you reached level 13 of The Dungeons of Doom. On T:32 you reached level 14 of The Dungeons of Doom. Score breakdown: Gold: 0 ( 0 points) Experience: 1 level ( 0 points) Exploration: 14 levels ( 390 points) Discoveries: 0 items ( 0 points) Variety of kills: 0 monsters ( 0 points) Major goal: (nothing yet) ( 0 points) Survival: died (score multiplied by 3) Total score: 1170 Latest messages: You dig a pit in the floor. You continue digging downward. You dig a hole through the floor. You fall through... You receive a faint telepathic message from Twoflower: Your help is urgently needed at Ankh-Morpork! Look for a ...ic transporter. You couldn't quite make out that last message. You start digging downward. You continue digging downward. You dig a pit in the floor. You continue digging downward. You dig a hole through the floor. You fall through... You start digging downward. You continue digging downward. You dig a pit in the floor. You continue digging downward. You dig a hole through the floor. You fall through... You start digging downward. The tengu pecks! You continue digging downward. You dig a pit in the floor. The tengu pecks! The elf mummy scratches you! You die... Final status: Aloha FIQ the Tourist, killed by an elf mummy... You died in The Dungeons of Doom on dungeon level 14 with 1170 points, and 461 pieces of gold, after 34 moves. You were level 1 with a maximum of 9 hit points when you died.